 Dungeon Crawl Stone Soup version 0.29-a0-384-g6960b1960d (webtiles) character file.

Game seed: 13807706497951936771

16 freelancePsychic the Skirmisher (level 2, -2/26 HPs)
             Began as a Draconian Fighter on May 6, 2022.
             Frozen to death by an endoplasm (4 damage)
             ... on level 1 of the Dungeon.
             The game lasted 00:00:47 (89 turns).

freelancePsychic the Skirmisher (Draconian Fighter)   Turns: 89, Time: 00:00:48

Health: -2/26      AC:  4    Str: 18    XL:     2   Next: 37%
Magic:  2/2        EV: 11    Int:  8    God:
Gold:   10         SH:  4    Dex: 10    Spells: 1/1 levels left

rFire   . . .      SeeInvis .   a - +0 flail
rCold   . . .      Faith    .   b - +0 buckler
rNeg    . . .      Spirit   .   (body armour unavailable)
rPois   .          Reflect  .   (helmet restricted)
rElec   .          Harm     .   (no cloak)
rCorr   .          Rampage  .   (no gloves)
Will    .....                   (no boots)
Stlth   +.........              (no amulet)
HPRegen 0.08/turn               (no ring)
MPRegen 0.08/turn               (no ring)

@: mighty
A: AC +4, unfitting armour, cold-blooded
a: no special abilities


You were on level 1 of the Dungeon.
You visited 1 branch of the dungeon, and saw 1 of its levels.

You collected 10 gold pieces.

Inventory:

Hand Weapons
 a - a +0 flail (weapon)
Armour
 b - a +0 buckler (worn)
Potions
 c - a potion of might


   Skills:
 + Level 3.6 Fighting
 * Level 2.7 Maces & Flails
 - Level 2.6 Dodging
 - Level 3.0 Shields


You had one spell level left.
You didn't know any spells.
Your spell library was empty.

Dungeon Overview and Level Annotations

Branches:
Dungeon (1/15)

Altars:


Innate Abilities, Weirdness & Mutations

Your plain brown scales are hard. (AC +4)
You cannot fit into any form of body armour.
You are cold-blooded and may be slowed by cold attacks.


Message History

The rat bites you.
* * * LOW HITPOINT WARNING * * *
You thump the rat!
You kill the rat!
The rat bites you.
* * * LOW HITPOINT WARNING * * *
You bludgeon the rat!!
You kill the rat!
The giant cockroach bites you.
* * * LOW HITPOINT WARNING * * *
You sock the giant cockroach!
You kill the giant cockroach!
You closely miss the giant cockroach.
The giant cockroach bites you but does no damage.
You block the giant cockroach's attack.
As you read the scroll labelled MAN WIUDUHUZI, it crumbles to dust.
You feel strangely unstable.
It was a scroll of teleportation.
You block the giant cockroach's attack.
The giant cockroach attacks as you move away!
The giant cockroach barely misses you.
The giant cockroach attacks as you move away!
The giant cockroach closely misses you.
Your surroundings suddenly seem different.
A bat, a quokka and an endoplasm come into view.
The endoplasm quivers.
The bat hits you but does no damage.
You miss the bat. The bat closely misses you.
The bat hits you but does no damage. The bat hits you but does no damage.
The bat closely misses you.
A bat comes into view.
The bat hits you.
* * * LOW HITPOINT WARNING * * *
The endoplasm attacks as you move away! The endoplasm misses you.
You hit the endoplasm.
The endoplasm is almost dead.
The endoplasm closely misses you. The endoplasm freezes you.
You are frozen.
You die...

# ###.#......<......# .
#. #...+⌠....###B...⌠+
#.#.##...#.....†h.B....#
#....#.#.#######J#######
#......#.# ....JrJ...
.........b#........J....
##.#.###rb#.............#
# ##J###############
#@....... #######.#


You could see an endoplasm, a quokka and 2 bats.

Vanquished Creatures
  3 endoplasms (D:1)
  2 giant cockroaches (D:1)
  5 jackals (D:1)
  3 rats (D:1)
13 creatures vanquished.

Notes
Turn   | Place    | Note
-------+----------+-------------------------------------------
     0 | D:1      | freelancePsychic the Draconian Fighter began the quest for
                  | the Orb.
     0 | D:1      | Reached XP level 1. HP: 19/19 MP: 1/1
     4 | D:1      | Found a runed translucent door.
    65 | D:1      | Reached XP level 2. HP: 9/26 MP: 2/2
    87 | D:1      | HP: 1/26 [bat (1)]
    89 | D:1      | Frozen to death by an endoplasm

Illustrated notes

Levels and vault maps discovered:
D:1:      dpeg_arrival_caged_fury, layout_loops_corners,
          shapermc_ecumenical_altar_totnotflames

Action                   || total
-------------------------++-------
Melee: Flail             ||    28
       Tailslap          ||     1
  Use: Potion            ||     1
       Scroll            ||     1
Armor: Skin              ||    14
Dodge: Dodged            ||    30
Block: Buckler           ||     5

Table legend: (Time is in decaauts)
 A = Elapsed time spent in this place.
 B = Non-inter-level travel time spent in this place.
 C = Inter-level travel time spent in this place.
 D = Time resting spent in this place.
 E = Time spent auto-exploring this place.
 F = Levels seen in this place.
 G = Mean time per level.
                   A        B        C        D        E       F      G
               +--------+--------+--------+--------+--------+-----+--------+
         Total |     97 |     81 |     16 |      0 |     31 |   1 |   97.0 |
       Dungeon |     97 |     81 |     16 |      0 |     31 |   1 |   97.0 |
               +--------+--------+--------+--------+--------+-----+--------+

Top non-repeatable levels by time:
     D:1: 97 daAuts
